 Dungeon Crawl Stone Soup version 0.22.1-1-ga44c0e56f4 (webtiles) character file.

36 MrBoozer the Grave Robber (level 3, -2/23 (27) HPs)
             Began as a Ghoul Necromancer on Oct 3, 2018.
             Slain by a worm (12 damage)
             ... on level 2 of the Dungeon.
             The game lasted 00:13:39 (1748 turns).

MrBoozer the Grave Robber (Ghoul Necromancer)       Turns: 1748, Time: 00:13:40

HP:   -2/23 (27)    AC:  2    Str: 11    XL:     3   Next: 37%
MP:   0/5           EV: 12    Int: 11    God:
Gold: 38            SH:  0    Dex:  9    Spells: 5/6 levels left

rFire    . . .     SeeInvis .     - Unarmed
rCold    + . .     Gourm    .   (no shield)
rNeg     + + +     Faith    .   a - +0 robe
rPois    ∞         Spirit   .   (no helmet)
rElec    .         Reflect  .   (no cloak)
rCorr    .         Harm     .   (no gloves)
MR       .....                  (no boots)
Stlth    ++........             (no amulet)
HPRegen  0.00/turn              (no ring)
MPRegen  0.09/turn              (no ring)

@: rotting
A: rotting body, claws 1, carnivore, cold resistance 1, negative energy
resistance 3, inhibited regeneration, torment resistance, unbreathing
a: no special abilities


You were on level 2 of the Dungeon.
You were very hungry.

You visited 1 branch of the dungeon, and saw 2 of its levels.

You collected 38 gold pieces.

Inventory:

Hand Weapons
 k - a +0 hand axe
Missiles
 f - 28 arrows (quivered)
 g - 23 sling bullets
 i - 55 stones
Armour
 a - a +0 robe (worn)
 d - a +0 large shield
Jewellery
 e - a +5 ring of evasion {unknown}
Potions
 h - a potion of heal wounds {unknown}
 j - a potion of lignification {unknown}
Comestibles
 c - 2 rations


   Skills:
 * Level 0.5 Fighting
 + Level 2.0 Dodging
 + Level 2.1 Stealth
 * Level 1.0 Unarmed Combat
 + Level 2.2 Spellcasting
 + Level 4.4 Necromancy


You had 5 spell levels left.
You knew the following spells:

 Your Spells              Type           Power        Failure   Level  Hunger
a - Pain                  Necr           ##..         4%          1    ##.....

Your spell library contained the following spells:

 Spells                   Type           Power        Failure   Level  Hunger
 Animate Skeleton         Necr           N/A          4%          1    ##.....
 Vampiric Draining        Necr           ##........   14%         3    ####...
 Regeneration             Chrm/Necr      #.........   34%         3    ####...
 Animate Dead             Necr           N/A          43%         4    #####..


Dungeon Overview and Level Annotations

Branches:
Dungeon (2/15)

Altars:


Innate Abilities, Weirdness & Mutations

Your body is rotting away.
You thrive on raw meat.
You are immune to poison.
You have sharp fingernails.
You are carnivorous and can eat meat at any time.
Your flesh is cold resistant. (rC+)
You are immune to negative energy. (rN+++)
You do not regenerate when monsters are visible.
You are immune to unholy pain and torment.
You can survive without breathing.


Message History

Press: ? - help, Shift-Dir - straight line, f/p - worm
Aim: a worm (moderately wounded, chance to defeat MR: 71%)
The worm writhes in agony!
The worm misses you.
Casting: Pain (safe; 4% risk of failure)
Confirm with . or Enter, or press ? or * to list all spells.
Aiming: Pain (safe; 4% risk of failure)
Press: ? - help, Shift-Dir - straight line, f/p - worm
Aim: a worm (moderately wounded, chance to defeat MR: 71%)
The worm writhes in agony!
You are feeling very hungry.
You scratch the worm.
The worm is severely wounded.
The worm bites you!
You scratch the worm but do no damage.
The worm is severely wounded.
You scratch the worm but do no damage.
The worm is severely wounded.
The worm bites you!
Ouch! That really hurt!
You die...

#.#
#w###########
#.# #.# #.#
#.# #.####.#
#......#
#.###### #.#
#w########.
#@.........
###########


You could see a worm.

Vanquished Creatures
  An ooze (D:1)
  A dart slug (D:1)
  A leopard gecko (D:1)
  A ball python (D:1)
  3 giant cockroaches (D:1)
  7 hobgoblins (D:1)
  4 bats (D:1)
  2 frilled lizards (D:1)
  A goblin (D:1)
  2 kobolds (D:1)
  6 rats
29 creatures vanquished.

Notes
Turn   | Place    | Note
-------+----------+-------------------------------------------
     0 | D:1      | MrBoozer the Ghoul Necromancer began the quest for the Orb.
     0 | D:1      | Reached XP level 1. HP: 14/14 MP: 2/2
   348 | D:1      | Reached XP level 2. HP: 17/19 MP: 0/3
  1163 | D:1      | Reached XP level 3. HP: 21/21 MP: 3/5
  1369 | D:1      | Reached skill level 1 in Unarmed Combat
  1748 | D:2      | Slain by a worm

Skill      XL: |  1  2  3 |
---------------+----------+-----
Spellcasting   | 2 |  2.2
Dodging        | 2 |  2.0
Unarmed Combat | 1 |  1.0
Fighting       | |  0.5
Stealth        | |  2.1
Necromancy     | |  4.4

Action                   || total
-------------------------++-------
Melee: Unarmed           ||    79
 Cast: Pain              ||    49
  Use: Scroll            ||     2
  Eat: Chunk             ||     3
Armor: Robe              ||    17
Dodge: Dodged            ||    64
